 Dungeon Sprint DCSS version 0.16-a0-5-g756871a (webtiles) character file.

5534 BluebellGnoll the Bludgeoner (level 10, -1/115 HPs)
             Began as an Ogre Venom Mage on Aug 3, 2014.
             Was a High Priest of Okawaru.
             Slain by a lindwurm (5 damage)
             ... in the Dungeon (Sprint IX: "|||||||||||||||||||||||||||||").
             The game lasted 00:14:48 (2471 turns).

BluebellGnoll the Bludgeoner (Ogre Venom Mage)      Turns: 2471, Time: 00:14:48

HP  -1/115       AC 10     Str 15      XL: 10   Next: 71%
MP  21/21        EV 12     Int 20      God: Okawaru [*****.]
Gold 6           SH  0     Dex 10      Spells:  5 memorised,  3 levels left

rFire  . . .     SeeInvis .     n - +2 morningstar (protect)
rCold  . . .     Clarity  .     a - +0 robe
rNeg   . . .     rCorr    .     (shield restricted)
rPois  .         rRot     .     (helmet restricted)
rElec  .         Spirit   .     (no cloak)
SustAb .         Warding  .     (gloves unavailable)
rMut   .         NoTele   +     (boots unavailable)
Gourm  .                        (no amulet)
MR     +....                    p - +3 ring of intelligence
                                o - +2 ring of protection

@: somewhat resistant to hostile enchantments, very unstealthy
A: unfitting armour, tough skin 1
a: Heroism, Finesse, Renounce Religion


You were in the Dungeon.
You worshipped Okawaru.
Okawaru was extremely pleased with you.
You were near starving.

You visited 1 branch You collected 6 gold pieces.

Inventory:

Hand weapons
 n - a +2 morningstar of protection (weapon)
Missiles
 f - 7 silver tomahawks (quivered)
Armour
 a - a +0 robe (worn)
Magical devices
 l - a wand of draining (0)
Scrolls
 h - 4 scrolls of remove curse
 i - 2 scrolls of blinking
 k - 2 scrolls of amnesia
 q - 5 scrolls of enchant weapon
 r - a scroll of fear
 s - 2 scrolls of enchant armour
Jewellery
 o - a +2 ring of protection (left hand)
 p - a +3 ring of intelligence (right hand)
Potions
 c - a potion of agility
 d - 7 potions of curing
 e - 6 potions of heal wounds
 g - 4 potions of magic
Books
 b - a Young Poisoner's Handbook

   Spells                             Type                      Level
   *Sting                             Conjuration/Poison           1
   *Cure Poison                       Poison                       2
   *Mephitic Cloud                    Conjuration/Poison/Air       3
   *Olgreb's Toxic Radiance           Poison                       4
   *Venom Bolt                        Conjuration/Poison           5
Magical staves
 m - an uncursed staff of energy


   Skills:
 - Level 11.7 Fighting
 * Level 17.6 Maces & Flails
 - Level 10.1 Throwing
 - Level 8.1 Dodging
 - Level 1.5 Stealth
 - Level 4.5 Spellcasting
 - Level 4.9 Conjurations
 + Level 9.3 Poison Magic


You had 3 spell levels left.
You knew the following spells:

 Your Spells              Type           Power        Failure   Level  Hunger
a - Sting                 Conj/Pois      ####         1%          1    None
b - Cure Poison           Pois           #####.....   1%          2    #......
c - Mephitic Cloud        Conj/Pois/Air  ###.....     8%          3    ###....
d - Olgreb's Toxic Radia  Pois           #####...     3%          4    ####...
e - Venom Bolt            Conj/Pois      ####......   21%         5    #####..


Dungeon Overview and Level Annotations

Branches:
Dungeon (1/1)

Altars:
Cheibriados
Dithmenos
Elyvilon
Fedhas
Gozag
Kikubaaqudgha
Makhleb
Nemelex Xobeh
Okawaru
Qazlal
Sif Muna
Trog
Vehumet
Xom
Yredelemnul
Zin
The Shining One
Beogh
Jiyva
Lugonu


Innate Abilities, Weirdness & Mutations

You are too large for most types of armour.
You have tough skin (AC +1).


Message History

You hit the lindwurm but do no damage.
The lindwurm is almost dead.
The lindwurm bites you. The lindwurm claws you.
* * * LOW HITPOINT WARNING * * *
The lindwurm completely misses you.
You hit the lindwurm.
You kill the lindwurm!
Okawaru appreciates your kill.
You hit the lindwurm but do no damage. You barely miss the lindwurm.
The lindwurm breathes flames at you. The blast of flame hits you!
* * * LOW HITPOINT WARNING * * *
You sock the lindwurm!
The lindwurm is moderately wounded.
The lindwurm barely misses you. x3
You sock the lindwurm!
The lindwurm is heavily wounded.
The lindwurm closely misses you. The lindwurm claws you.
You die...

▓_▓.▓.▓
▓_▓.▓.▓
▓_▓.▓.▓
▓_▓.▓.▓
▓_▓.▓.▓
▓_▓.▓.▓
▓'▓.▓.▓
▓.▓.▓.▓
▓.▓.▓@▓
▓.▓.▓k▓
▓)▓.▓w▓
▓[▓.▓w▓
▓[▓.▓.▓
▓[▓.▓w▓
▓.▓.▓.▓
▓.▓.▓.▓
▓'▓.▓.▓


You could see a lindwurm and 3 worms.

Vanquished Creatures
  2 hydras (D)
  A hill giant (D)
  2 lindwurms (D)
  An ugly thing (D)
  2 spiny frogs (D)
  A troll (D)
  A fire drake (D)
  A deep elf mage (D)
  2 yaks (D)
  A hungry ghost (D)
  An orc warrior (D)
  4 porcupines (D)
  A water moccasin (D)
  An ice beast (D)
  A crocodile (D)
  3 giant frogs (D)
  2 jellies (D)
  A crimson imp (D)
  An iguana (D)
  An adder (D)
  2 green rats (D)
  3 worms (D)
  An adder skeleton (D)
  An orc (D)
  A bat (D)
  A hobgoblin (D)
  A kobold (D)
  A giant cockroach (D)
  A giant newt (D)
  2 goblins (D)
44 creatures vanquished.

Notes
Turn   | Place    | Note
--------------------------------------------------------------
     0 | D        | BluebellGnoll, the Ogre Venom Mage, began the quest for the Orb.
     0 | D        | Reached XP level 1. HP: 16/16 MP: 3/3
    17 | D        | Reached skill level 3 in Spellcasting
    36 | D        | Reached skill level 4 in Spellcasting
   326 | D        | Noticed a jelly
   337 | D        | Reached skill level 1 in Conjurations
   337 | D        | Reached XP level 2. HP: 19/24 MP: 0/7
   350 | D        | Killed a jelly
   350 | D        | Reached XP level 3. HP: 31/31 MP: 1/9
   350 | D        | Reached XP level 4. HP: 39/39 MP: 1/11
   365 | D        | Found a glowing silver altar of Zin.
   365 | D        | Found a glowing golden altar of the Shining One.
   365 | D        | Found an ancient bone altar of Kikubaaqudgha.
   365 | D        | Found a basalt altar of Yredelemnul.
   365 | D        | Found a shimmering altar of Xom.
   365 | D        | Found a radiant altar of Vehumet.
   365 | D        | Found an iron altar of Okawaru.
   366 | D        | Found a burning altar of Makhleb.
   367 | D        | Found a deep blue altar of Sif Muna.
   368 | D        | Found a bloodstained altar of Trog.
   369 | D        | Found a sparkling altar of Nemelex Xobeh.
   370 | D        | Found a white marble altar of Elyvilon.
   371 | D        | Found a roughly hewn altar of Beogh.
   372 | D        | Found a viscous altar of Jiyva.
   373 | D        | Found a corrupted altar of Lugonu.
   374 | D        | Became a worshipper of Warmaster Okawaru
   406 | D        | Found a blossoming altar of Fedhas.
   407 | D        | Found a snail-covered altar of Cheibriados.
   408 | D        | Found a shadowy altar of Dithmenos.
   409 | D        | Found a stormy altar of Qazlal.
   410 | D        | Found an opulent altar of Gozag.
   443 | D        | Learned a level 2 spell: Cure Poison
   447 | D        | Learned a level 3 spell: Mephitic Cloud
   447 | D        | Noticed an ice beast
   447 | D        | Noticed an iguana
   447 | D        | Noticed a troll
   447 | D        | Noticed a jelly
   447 | D        | Noticed an orc warrior
   448 | D        | Killed an iguana
   449 | D        | Killed a jelly
   449 | D        | Reached skill level 5 in Maces & Flails
   449 | D        | Reached XP level 5. HP: 43/55 MP: 13/13
   450 | D        | Killed an ice beast
   450 | D        | Reached skill level 7 in Fighting
   450 | D        | Reached skill level 8 in Maces & Flails
   451 | D        | Killed a troll
   451 | D        | Acquired Okawaru's first power
   451 | D        | Reached skill level 10 in Fighting
   451 | D        | Reached skill level 11 in Maces & Flails
   451 | D        | Reached XP level 6. HP: 48/79 MP: 15/15
   451 | D        | Reached XP level 7. HP: 52/87 MP: 17/17
   473 | D        | Killed an orc warrior
   473 | D        | Reached skill level 12 in Maces & Flails
   693 | D        | Learned a level 4 spell: Olgreb's Toxic Radiance
   699 | D        | Learned a level 5 spell: Venom Bolt
   701 | D        | Noticed a brown ugly thing
   701 | D        | Noticed a deep elf mage
   701 | D        | Noticed a hill giant
   701 | D        | Noticed a hungry ghost
   701 | D        | Noticed a giant frog
   701 | D        | Noticed a crimson imp
   704 | D        | Killed a deep elf mage
   705 | D        | Killed a giant frog
   705 | D        | Reached skill level 5 in Throwing
   713 | D        | Killed a brown ugly thing
   713 | D        | Reached XP level 8. HP: 16/98 MP: 18/18
  1036 | D        | Killed a hill giant
  1089 | D        | Killed a hungry ghost
  1089 | D        | Reached skill level 10 in Throwing
  1089 | D        | Reached XP level 9. HP: 36/106 MP: 20/20
  1106 | D        | Killed a crimson imp
  1438 | D        | Noticed a spiny frog
  1438 | D        | Noticed a crocodile
  1438 | D        | Noticed a yak
  1438 | D        | Noticed a fire drake
  1438 | D        | Noticed a porcupine
  1450 | D        | Killed a spiny frog
  1451 | D        | Noticed a giant frog
  1453 | D        | Killed a crocodile
  1456 | D        | Noticed a five-headed hydra
  1459 | D        | Killed a yak
  1459 | D        | Reached skill level 13 in Maces & Flails
  1466 | D        | Killed a fire drake
  1466 | D        | Reached skill level 5 in Poison Magic
  1467 | D        | Killed a porcupine
  1759 | D        | Killed a giant frog
  1770 | D        | Killed a five-headed hydra
  1770 | D        | Reached skill level 14 in Maces & Flails
  1980 | D        | Noticed a yak
  1980 | D        | Noticed a six-headed hydra
  1980 | D        | Noticed a giant frog
  1980 | D        | Noticed a porcupine
  1980 | D        | Noticed a porcupine
  1980 | D        | Noticed a spiny frog
  1985 | D        | Reached XP level 10. HP: 112/115 MP: 10/21
  1986 | D        | Noticed a porcupine
  1987 | D        | Noticed a water moccasin
  2050 | D        | Killed a yak
  2050 | D        | Reached skill level 15 in Maces & Flails
  2058 | D        | Killed a six-headed hydra
  2058 | D        | Acquired Okawaru's second power
  2069 | D        | Killed a giant frog
  2069 | D        | Received a gift from Okawaru
  2076 | D        | Killed a porcupine
  2076 | D        | Reached skill level 16 in Maces & Flails
  2133 | D        | Killed a porcupine
  2139 | D        | Killed a spiny frog
  2397 | D        | Killed a porcupine
  2412 | D        | Killed a water moccasin
  2444 | D        | Noticed a lindwurm
  2444 | D        | Noticed a lindwurm
  2444 | D        | Noticed a lindwurm
  2459 | D        | Killed a lindwurm
  2459 | D        | Reached skill level 17 in Maces & Flails
  2467 | D        | Killed a lindwurm
  2469 | D        | HP: 3/115 [lindwurm/blast of flame (29)]
  2471 | D        | Slain by a lindwurm

Action                   |  1- 3 |  4- 6 |  7- 9 | 10-12 || total
-------------------------+-------+-------+-------+-------++-------
Melee: Club              |    25 |     5 |       |       ||    30
       Unarmed           |    12 |       |       |       ||    12
       Morningstar       |       |     1 |    91 |    62 ||   154
Throw: Tomahawk          |       |       |       |     1 ||     1
 Cast: Sting             |    10 |       |    13 |     3 ||    26
       Mephitic Cloud    |       |       |     9 |     7 ||    16
Invok: Heroism           |       |       |     2 |       ||     2
Evoke: Wand              |       |     3 |     4 |       ||     7
  Use: Potion            |     2 |       |     2 |     1 ||     5
 Stab: Confused          |       |       |     1 |     1 ||     2
       Invisible         |       |       |     1 |     7 ||     8
  Eat: Meat ration       |       |       |     1 |       ||     1
       Chunk             |       |       |       |     1 ||     1
